 Dungeon Crawl Stone Soup version 0.31-a0-246-g8cbcc1cb85 (webtiles) character file.

Game seed: 7316725052439605278

140 qw the Shooter (level 5, 0/30 HPs)
             Began as a Gargoyle Hexslinger on July 12, 2023.
             Slain by a gnoll bouda
             ... wielding a +0 whip
              (4 damage)
             ... on level 4 of the Dungeon.
             The game lasted 00:01:10 (2021 turns).

qw the Shooter (Gargoyle Hexslinger)                Turns: 2021, Time: 00:01:11

Health: 0/30       AC:  8    Str: 11    XL:     5   Next: 23%
Magic:  6/6        EV: 11    Int: 14    God:
Gold:   137        SH:  0    Dex: 14    Spells: 5/6 levels left

rFire   . . .        Y - +1 sling
rCold   . . .        (no shield)
rNeg    + . .        f - +0 leather armour
rPois   inf          (no helmet)
rElec   +            (no cloak)
rCorr   .            (no gloves)
SInv    .            e - +0 pair of boots
Will    +....        (no amulet)
Stlth   +            h - ring of willpower
HPRegen 0.25/turn    (no ring)
MPRegen 0.10/turn

%: no passive effects
@: no status effects
A: sickness immunity, AC +4, negative energy resistance 1, electricity
resistance, torment resistance 1, petrification resistance
a: no special abilities


You were on level 4 of the Dungeon.
You visited 1 branch of the dungeon, and saw 4 of its levels.

You collected 137 gold pieces.


Innate Abilities, Weirdness & Mutations

You are immune to sickness and miasma.
Your stone body is resilient. (AC +4)
You are immune to poison.
You resist negative energy. (rN+)
You are resistant to electric shocks. (rElec)
You are resistant to unholy torment.
You are immune to petrification.


   Skills:
 + Level 2.0 Fighting
 - Level 5.0 Ranged Weapons
 - Level 1.5 Dodging
 - Level 1.0 Spellcasting
 - Level 2.6 Hexes


You had 5 spell levels left.
You knew the following spells:

 Your Spells              Type           Power      Damage    Failure   Level
a - Slow                  Hex            32%        N/A       12%         1

Your spell library contained the following spells:

 Spells                   Type           Power      Damage    Failure   Level
 Inner Flame              Hex/Fire       4%         N/A       52%         3
 Portal Projectile        Hex/Tloc       8%         N/A       52%         3
 Cause Fear               Hex            4%         N/A       75%         4

Inventory:

Hand Weapons
 Y - a +1 sling (weapon)
Armour
 e - a +0 pair of boots (worn)
 f - a +0 leather armour (worn)
Jewellery
 h - a ring of willpower (left hand)
Scrolls
 b - a scroll of identify
 c - a scroll of immolation {unknown}
Potions
 a - a potion of curing {unknown}
 d - a potion of enlightenment
 j - a potion of heal wounds {unknown}

Dungeon Overview and Level Annotations

Branches:
Dungeon (4/15)
 Temple: D:4-7

Altars:
Makhleb
Qazlal
Wu Jian


Message History

The gnoll bouda is moderately wounded.
You shoot a sling bullet.
The sling bullet closely misses the gnoll bouda.
The sling bullet hits the gnoll.
The gnoll is moderately wounded.
A gnoll comes into view. It is wielding a +0 whip.
The gnoll bouda calls upon its god to heal the gnoll.
The gnoll's wounds heal themselves!
The gnoll hits you but does no damage.
You shoot a sling bullet. The sling bullet hits the gnoll!
The gnoll is severely wounded.
The gnoll hits you from afar with a +0 halberd!
You shoot a sling bullet.
The sling bullet hits the gnoll bouda but does no damage.
The gnoll bouda is moderately wounded.
The gnoll hits you from afar with a +0 halberd.
The gnoll bouda hits you with a +0 whip.
You shoot a sling bullet.
The sling bullet hits the gnoll bouda but does no damage.
The gnoll bouda is moderately wounded.
The gnoll completely misses you. The gnoll bouda closely misses you.
The gnoll closely misses you.
You shoot a sling bullet.
The sling bullet hits the gnoll bouda but does no damage.
The gnoll bouda is moderately wounded.
The gnoll is no longer moving quickly. x2
The gnoll bouda calls upon its god to heal the gnoll.
The gnoll is healed somewhat.
The gnoll hits you from afar with a +0 halberd!
You shoot a sling bullet. The sling bullet hits the gnoll bouda!
The gnoll bouda is heavily wounded.
The gnoll is no longer moving quickly.
The gnoll bouda barks out a call to the hunt!
The gnolls pick up the pace!
The gnoll hits you from afar with a +0 halberd.
You shoot a sling bullet.
The sling bullet closely misses the gnoll bouda.
The sling bullet closely misses the gnoll.
The sling bullet barely misses the gnoll.
The gnoll bouda hits you with a +0 whip.
You die...

## #.. #. #.# #.####.#
##....#.# ##.......#
.### #......... .)..
#........#
.###gg#########.#..).###
....ggg@.....##.#.#.....
#.##.###.###.##.#...(###
#.# #.......(.... #.#
####.#....### #.#
####.#.#.#### ...
.......#).... #..
......<..#### ###
######...### #E#...#E#


You could see a gnoll bouda and 4 gnolls.

Vanquished Creatures
  An orc wizard (D:3)
  2 adders
  2 worms
  2 dart slugs
  12 orcs (D:3)
  5 ball pythons
  6 endoplasms
  3 giant cockroaches
  7 goblins
  8 hobgoblins
  5 kobolds
  2 quokkas
  8 bats
  3 frilled lizards
  5 rats
71 creatures vanquished.

Notes
Turn   | Place    | Note
-------+----------+-------------------------------------------
     0 | D:1      | qw the Gargoyle Hexslinger began the quest for the Orb.
     0 | D:1      | Reached XP level 1. HP: 12/12 MP: 2/2
     0 | D:1      | 0 ||| qw: Version: 0.3-a-52-g30416fa
     0 | D:1      | 0 ||| qw: Game counter: 6228
     0 | D:1      | 0 ||| qw: Melee chars always use a shield: true
     0 | D:1      | 0 ||| qw: God list: Okawaru
     0 | D:1      | 0 ||| qw: Allow faded altars: false
     0 | D:1      | 0 ||| qw: Do Orc after clearing Dungeon:15 true
     0 | D:1      | 0 ||| qw: Do second Lair branch before Depths: true
     0 | D:1      | 0 ||| qw: Lair rune preference: random
     0 | D:1      | 0 ||| qw: Goals: Normal
     0 | D:1      | 0 ||| PLANNING D:1-11
    64 | D:1      | 64 ||| FLEEEEING.
    66 | D:1      | Reached XP level 2. HP: 15/16 MP: 3/3
    88 | D:1      | Reached skill level 3 in Ranged Weapons
   206 | D:1      | Reached XP level 3. HP: 21/21 MP: 4/4
   316 | D:1      | Found a faded altar of an unknown god.
   437 | D:1      | 437 ||| UPGRADING to +0 pair of boots.
   442 | D:1      | 442 ||| UPGRADING to ring of willpower.
   443 | D:1      | 443 ||| READING scroll labelled OSUAME FIOLA.
   444 | D:1      | 444 ||| READING scroll labelled MAQUHE CYECELE.
   445 | D:1      | 445 ||| READING scroll labelled GIAWYJ KICH.
   450 | D:1      | 450 ||| DROPPING scroll of poison.
   944 | D:2      | 944 ||| DRINKING 2 fuming golden potions.
   945 | D:2      | 945 ||| DRINKING 2 smoky cyan potions.
   946 | D:2      | 946 ||| DRINKING 2 glowing amethyst potions.
   947 | D:2      | 947 ||| DROPPING potion of brilliance.
   948 | D:2      | 948 ||| DROPPING potion of attraction.
  1014 | D:3      | Reached XP level 4. HP: 26/26 MP: 5/5
  1033 | D:3      | Reached skill level 4 in Ranged Weapons
  1132 | D:3      | Found an ornate altar of the Wu Jian Council.
  1209 | D:3      | Found a burning altar of Makhleb.
  1289 | D:3      | Reached XP level 5. HP: 8/30 MP: 6/6
  1841 | D:3      | 1841 ||| UPGRADING to +0 leather armour.
  1851 | D:3      | 1851 ||| DROPPING +0 robe.
  1852 | D:3      | 1852 ||| READING scroll labelled NIQOXY POSUMET.
  1853 | D:3      | 1853 ||| READING scroll labelled HOWALE BUBOSEE.
  1854 | D:3      | 1854 ||| READING scroll labelled LIZYIH ARAER.
  1890 | D:4      | Found a stormy altar of Qazlal.
  1892 | D:4      | Noticed a water elemental
  1892 | D:4      | Noticed a fire elemental
  1892 | D:4      | Noticed an air elemental
  1963 | D:4      | Reached skill level 5 in Ranged Weapons
  2019 | D:4      | HP: 7/30 [gnoll/+0 halberd[a gnoll bouda] (7)]
  2021 | D:4      | Slain by a gnoll bouda

Levels and vault maps discovered:
D:1:      dpeg_arrival_stonehenge_12_columns, layout_basic,
          hellmonk_ecumenical_altar_heavens_door
D:2:      layout_basic
D:3:      minmay_spotlight, layout_basic, nzn_wu_jian_contemplation,
          mainiacjoe_overflow_brackets, serial_bayou, serial_bayou_shore_b,
          serial_bayou_pond_d, serial_bayou_pond_d, serial_bayou_pond_d
D:4:      layout_loops_ring, nicolae_qazlal_style_of_elements, uniq_ijyb

Skill      XL: |  1  2  3  4  5 |
---------------+----------------+-----
Ranged Weapons | 3 4 5 |  5.0
Fighting       | 2 |  2.0
Dodging        | |  1.5
Spellcasting   | |  1.0
Hexes          | |  2.6

Action                     |  1- 3 |  4- 6 || total
---------------------------+-------+-------++-------
   Fire: Sling             |   152 |   143 ||   295
    Use: Scroll            |     3 |     3 ||     6
         Potion            |     3 |       ||     3
 Armour: Robe              |    10 |    14 ||    24
         Leather armour    |       |     4 ||     4
  Dodge: Dodged            |    37 |    30 ||    67

Table legend:
 A = Non-vault XP
 B = Vault XP
 C = Vault XP percentage of total XP
 D = Non-vault monster count
 E = Vault monster count
 F = Vault count percentage of total count
                 A         B        C        D         E       F
            +---------+---------+-------+---------+---------+-------
      Total |     197 |       4 |   2.0 |      68 |       3 |   4.2
            +---------+---------+-------+---------+---------+-------
        D:1 |      52 |       0 |   0.0 |      29 |       0 |   0.0
        D:2 |      23 |       0 |   0.0 |      12 |       0 |   0.0
        D:3 |      97 |       4 |   4.0 |      21 |       3 |  12.5
        D:4 |      25 |       0 |   0.0 |       6 |       0 |   0.0
            +---------+---------+-------+---------+---------+-------
